AoeStats
← GuLy San (10)

Hideout

507880880Analyzed
1v1 RM · 14d ago on Sep 20, 2026· 35m 18s· 2 players
Game mode
Random Map
Map size
Tiny (2 player)
Population
200
Speed
Normal
Resources
Standard
Victory
Conquest
Starting age
Dark Age
Ending age
Imperial Age
RankedLock teamsTeams togetherTeam positionsShared explorationLock speedFull tech treeHidden civsTurbo modeCheats
Victory
Defeat
🇸🇦 Japanese · Saudi Arabia
891
+14
🇦🇷 Huns · Argentina
851
-14
GuLy San (10)
0:26 Loom
9:50 Feudal Age
10:34 Horse Collar
16:36 Gold Mining
20:17 Castle Age
20:38 Double-Bit Axe
20:58 Heavy Plow
22:12 Bow Saw
22:42 Light Cavalry
23:34 Bloodlines
23:46 Stone Mining
26:11 Fletching
26:37 Thumb Ring
26:39 Padded Archer Armor
29:28 Husbandry
29:41 Forging
33:43 Scale Barding Armor
33:35 Bodkin Arrow
Harpy Eagle
5:45 Loom
10:13 Feudal Age
14:58 Castle Age
13:19 Double-Bit Axe
14:11 Stone Mining
17:50 Wheelbarrow
20:49 Horse Collar
22:13 Fletching
24:24 Gold Mining
24:53 Guard Tower
25:42 Murder Holes
26:25 Bow Saw
27:13 Hand Cart
27:30 Bow Saw
27:22 Town Watch
28:38 Heavy Plow
29:18 Ballistics
29:58 Bodkin Arrow
31:09 Gold Shaft Mining
30:36 Town Patrol
31:09 Forging
30:48 Treadmill Crane
32:06 Yasama
35:12 Imperial Age
32:54 Pikeman
33:34 Squires
34:10 Iron Casting
33:36 Scale Mail Armor
33:39 Elite Skirmisher
34:27 Thumb Ring
Connection lost

Rejoining the realm…

Still unreachable

The connection could not be restored.

Session expired

The server has moved on; the page needs a fresh start.